 Seeded DCSS version 0.30.1-11-g7821555f0a (webtiles) character file.

Game seed: 430007637681659361 (custom seed)

119 mattiecakes the Shield-Bearer (level 5, 0/42 HPs)
             Began as a Formicid Fighter on Nov 10, 2023.
             Was a Follower of Dithmenos.
             Killed by nerve-wracking pain
             ... invoked by an orc priest
              (14 damage)
             ... on level 3 of the Dungeon.
             The game lasted 00:05:17 (1513 turns).

mattiecakes the Shield-Bearer (Formicid Fighter)    Turns: 1513, Time: 00:05:18

Health: 0/42       AC:  7    Str: 23    XL:     5   Next: 24%
Magic:  5/5        EV:  9    Int:  7    God:    Dithmenos [*.....]
Gold:   112        SH:  5    Dex: 13    Spells: 4/4 levels left

rFire   . . .        g - +3 war axe
rCold   . . .        c - +0 buckler
rNeg    . . .        b - +0 scale mail
rPois   .            (helmet unavailable)
rElec   .            (no cloak)
rCorr   .            (no gloves)
SInv    +            (no boots)
Will    .....        (no amulet) Stlth
                     j - ring of flight
HPRegen 0.27/turn    (no ring)
MPRegen 0.09/turn

%: no passive effects
@: flying, wreathed by umbra
A: permanent stasis, dig shafts and tunnels, antennae 3, four strong arms
a: Dig, Shaft Self, Renounce Religion


You were on level 3 of the Dungeon.
You worshipped Dithmenos.
Dithmenos was aware of your devotion.
You visited 1 branch of the dungeon, and saw 3 of its levels.

You collected 112 gold pieces.

Inventory:

Hand Weapons
 g - a +3 war axe (weapon)
Armour
 b - a +0 scale mail (worn)
 c - a +0 buckler (worn)
Jewellery
 j - a ring of flight (left hand)
Wands
 d - a wand of flame (23)
Scrolls
 e - 2 scrolls of noise {unknown}
 f - a scroll of vulnerability {unknown}
 h - a scroll of identify {unknown}
 i - a scroll of fear {unknown}
 k - a scroll of brand weapon {unknown}
 n - 4 scrolls of acquirement {unknown}
 p - a scroll of immolation {unknown}
 q - a scroll of blinking {unknown}
Potions
 a - a potion of curing
 l - a potion of cancellation {unknown}
 m - a potion of ambrosia {unknown}
 o - a potion of attraction {unknown}


   Skills:
 + Level 4.1 Fighting
 + Level 3.0 Axes
 + Level 4.0 Armour
 + Level 0.5 Stealth
 + Level 4.9 Shields
 + Level 0.6 Invocations


You had 4 spell levels left.
You didn't know any spells.
Your spell library contained the following spells:

 Spells                   Type           Power      Damage    Failure   Level
 Sandblast                Erth           0%         2d4       80%         1
 Passwall                 Tmut/Erth      0%         N/A       91%         2
 Stone Arrow              Conj/Erth      0%         3d7       99%         3


Dungeon Overview and Level Annotations

Branches:
Dungeon (3/15)

Altars:
Dithmenos
Kikubaaqudgha
Trog
Wu Jian


Innate Abilities, Weirdness & Mutations

You cannot be hasted, slowed, berserked, paralysed or teleported.
You can dig through walls and to a lower floor.
You have a pair of large antennae on your head. (SInv)
Your four strong arms can wield two-handed weapons with a shield.


Message History

An orc comes into view. It is wielding a +0 club.
The orc hits you with a +0 flail!
The orc shouts!
You closely miss the orc.
The orc is moderately wounded.
You hit the orc but do no damage.
The orc is moderately wounded.
You barely miss the orc. You block the orc's attack. The orc barely misses you.
You closely miss the orc.
The orc is moderately wounded.
You closely miss the orc. The orc hits you but does no damage.
The orc barely misses you.
An orc priest comes into view. It is wielding a +0 mace.
The orc barely misses you. The orc hits you with a +0 flail.
The orc priest invokes the aid of Beogh against you.
Beogh smites you!
You are too injured to fight recklessly!
Unknown command.
You are too injured to fight recklessly!
It was a potion of curing.
You feel better. The orc closely misses you. The orc hits you with a +0 club.
You barely miss the orc. x2; The orc hits you with a +0 flail.
The orc priest calls upon Beogh to heal the orc.
The orc's wounds heal themselves!
Found a book of Vapours.
The orc hits you with a +0 flail. The orc hits you but does no damage.
The orc priest hits you with a +0 mace.
You slash the orc priest!
The orc priest is severely wounded.
You hit the orc but do no damage. You hit the orc.
The orc hits you but does no damage. You block the orc's attack.
The orc priest closely misses you.
You hit the orc priest.
The orc priest is almost dead.
You slash the orc!
You kill the orc!
Dithmenos accepts your kill.
You barely miss the orc. The orc hits you but does no damage.
The orc priest calls down the wrath of Beogh upon you.
Pain shoots through your body!
You die...

##########
:......o.#
######@##
#....).o#
{#.####..#
#.......#
#.####.##.# ##
#...)..##.# #.
######.##.# #.
#.....##.# #[
#.######+#########
#.


You could see an orc priest and an orc.

Vanquished Creatures
  Terence (D:2)
  2 adders (D:2)
  A worm (D:3)
  2 dart slugs
  8 orcs (D:3)
  3 endoplasms
  5 giant cockroaches
  4 goblins
  7 hobgoblins
  2 jackals (D:3)
  3 quokkas
  8 ball pythons
  8 bats
  A frilled lizard (D:1)
  A kobold (D:1)
  5 rats
61 creatures vanquished.

Notes
Turn   | Place    | Note
-------+----------+-------------------------------------------
     0 | D:1      | mattiecakes the Formicid Fighter began the quest for the
                  | Orb.
     0 | D:1      | Reached XP level 1. HP: 18/18 MP: 1/1
   108 | D:1      | Reached XP level 2. HP: 24/24 MP: 2/2
   408 | D:1      | Reached XP level 3. HP: 29/29 MP: 3/3
   765 | D:2      | Reached XP level 4. HP: 37/37 MP: 4/4
   785 | D:2      | Noticed Terence
   795 | D:2      | Killed Terence
   952 | D:2      | Found an ancient bone altar of Kikubaaqudgha.
  1166 | D:2      | Found a faded altar of an unknown god.
  1272 | D:2      | Prayed at the altar of an unknown god.
  1272 | D:2      | Became a worshipper of Dithmenos the Shadowed
  1272 | D:2      | Reached * piety under Dithmenos
  1347 | D:3      | Found a bloodstained altar of Trog.
  1347 | D:3      | Found an ornate altar of the Wu Jian Council.
  1380 | D:3      | Reached XP level 5. HP: 36/42 MP: 5/5
  1513 | D:3      | Killed from afar by an orc priest

Illustrated notes

Levels and vault maps discovered:
D:1:      wander_arrival_chamber, layout_basic, kennysheep_boxes
D:2:      layout_rooms, dilly_ecumenical_altar_fadedgnrine, basic_altar,
          uniq_terence
D:3:      layout_basic, mainiacjoe_overflow_swirl, jmf_multi_god_temple,
          minmay_puff

Skill      XL: |  1  2  3  4  5 |
---------------+----------------+-----
Fighting       | 4 |  4.1
Armour         | 4 |  4.0
Axes           | 3 |  3.0
Stealth        | |  0.5
Shields        | |  4.9
Invocations    | |  0.6

Action                     |  1- 3 |  4- 6 || total
---------------------------+-------+-------++-------
  Melee: War axe           |    69 |    44 ||   113
    Use: Potion            |       |     2 ||     2
 Armour: Scale mail        |    32 |    19 ||    51
  Dodge: Dodged            |    33 |    24 ||    57
  Block: Buckler           |    15 |     9 ||    24
